 Dungeon Crawl Stone Soup version 0.15-a0-641-g6eae419 (console) character file.

64 xw the Chopper (level 3, -13/31 HPs)
             Began as a Minotaur Fighter on May 8, 2014.
             Mangled by Crazy Yiuf
             ... wielding a +3,+2 quarterstaff of chaos
              (15 damage)
             ... on Level 2 of the Dungeon.
             The game lasted 00:00:34 (1785 turns).

xw the Chopper (Minotaur Fighter)                   Turns: 1785, Time: 00:00:34

HP -13/31        AC 11     Str 21      XL: 3   Next: 91%
MP   2/2         EV  6     Int  5      God:
Gold 95          SH 18     Dex  9      Spells:  0 memorised,  2 levels left

rFire  . . .     SeeInvis .     Y - +0 war axe {mapnotes,}
rCold  . . .     Clarity  .     b - +0 scale mail
rNeg   . . .     Conserve .     c - +0 shield
rPois  .         rCorr    .     (helmet restricted)
rElec  .         rRot     .     o - +0 cloak
SustAb . .       Spirit   .     (no gloves)
rMut   .         Warding  .     (no boots)
Saprov . . .     Stasis   .     (no amulet)
MR     +....                    j - +3 ring of protection
                                a - ring of protection from magic

@: somewhat resistant to hostile enchantments, extremely unstealthy
A: retaliatory headbutt, horns 2
a: no special abilities


You were on level 2 of the Dungeon.
You were not hungry.

You visited 1 branch of the dungeon, and saw 2 of its levels.

You collected 95 gold pieces.

Inventory:

Hand weapons
 Y - a +0,+0 war axe (weapon) {mapnotes,}
Missiles
 g - 56 stones (quivered)
 s - 25 darts
Armour
 b - a +0 scale mail (worn)
 c - a +0 shield (worn)
 o - a +0 cloak (worn)
 u - a +3 chain mail
Comestibles
 d - 4 bread rations
 f - a rotting chunk of goblin flesh
 l - a beef jerky
 m - an apricot
 q - a meat ration
 t - a chunk of worm flesh
Scrolls
 h - a scroll of enchant armour {unknown}
 k - a scroll of blinking {unknown}
 p - 2 scrolls of identify
Jewellery
 a - a ring of protection from magic (left hand)
 j - a +3 ring of protection (right hand)
 n - an uncursed ring of flight {unknown}
Potions
 e - a potion of might
 i - 2 potions of poison {unknown}
 r - a potion of heal wounds {unknown}


   Skills:
 - Level 3.6 Fighting
 * Level 4.3 Axes
 + Level 2.0 Throwing
 - Level 3.6 Armour
 - Level 3.6 Shields


You had 2 spell levels left.
You didn't know any spells.

Dungeon Overview and Level Annotations

Branches:
Dungeon (2/15)

Altars:

Annotations:
D:2 Crazy Yiuf


Innate Abilities, Weirdness & Mutations

You reflexively headbutt those who attack you in melee.
You have a pair of horns on your head.


Message History

1689 ||| turn
1692 ||| turn
1697 ||| turn
1697 ||| turn
1754 ||| turn
1755 ||| turn
1756 ||| turn
1757 ||| turn
1757 ||| turn
1776 ||| turn
1777 ||| turn
1778 ||| turn
1779 ||| turn
1780 ||| turn
1781 ||| turn
1782 ||| turn
1783 ||| turn
1784 ||| turn
1785 ||| turn You die...

#.# #.. #.# #..
#.# #.. #.# #..
### #.. #..
###77777 #..
##..P.7.777 #..
##...P..7.H7 ####
###
#....P.7777g((..#
#..# #.....77
7#..)# #..#
#..##77 ### #..#
##.# #..# #.# #..#
# #.####
##########..######
#....#
#................#
####.#
#......####......#


You could see Crazy Yiuf.

Vanquished Creatures
  An adder (D:2)
  A giant mite (D:1)
  A worm (D:2)
  7 goblins
  5 hobgoblins
  2 jackals (D:1)
  3 kobolds
  2 quokkas (D:2)
  6 bats
  3 giant cockroaches (D:2)
  3 giant geckos
  A giant newt (D:2)
  3 rats
38 creatures vanquished.

Notes
Turn   | Place    | Note
--------------------------------------------------------------
     0 | D:1      | xw, the Minotaur Fighter, began the quest for the Orb.
     0 | D:1      | Reached XP level 1. HP: 19/19 MP: 1/1
    33 | D:1      | Reached XP level 2. HP: 19/26 MP: 1/1
   157 | D:1      | Reached skill level 1 in Throwing
   636 | D:1      | Fleeing towards (-3,6) corridor
   638 | D:1      | Fleeing towards (0,-3) corridor
   914 | D:1      | WEARING RING 1 copper ring
   915 | D:1      | WEARING RING 2 runed bone ring
   916 | D:1      | TESTING POTIONS
   917 | D:1      | TESTING POTIONS
   918 | D:1      | TESTING POTIONS
   918 | D:1      | Paralysed by a potion of paralysis for 6 turns
   924 | D:1      | TESTING SCROLLS
   925 | D:1      | TESTING SCROLLS
   926 | D:1      | TESTING SCROLLS
   927 | D:1      | TESTING SCROLLS
   928 | D:1      | Dropping junk: rotting chunk of hobgoblin flesh
   929 | D:1      | Dropping junk: scroll of fear
   934 | D:1      | New armour: cloak (10)
  1019 | D:2      | Reached XP level 3. HP: 31/31 MP: 2/2
  1332 | D:2      | Reached skill level 4 in Axes
  1775 | D:2      | Noticed Crazy Yiuf
  1785 | D:2      | Mangled by Crazy Yiuf

Action                   || total
-------------------------++-------
Melee: War axe           ||    86
Throw: Stone             ||    63
  Use: Scroll            ||     4
       Potion            ||     3

Vault maps used:
D:1:      saegor_arrival_simple_f
D:2:      first_bread, uniq_crazy_yiuf_cottage
